 Dungeon Crawl Stone Soup version 0.18.1-1-g2f07953 (webtiles) character file.

191 Ellandar the Chopper (level 5, -1/45 HPs)
             Began as a Minotaur Fighter on Sept 1, 2016.
             Succumbed to a gnoll's poison
             ... on level 3 of the Dungeon.
             The game lasted 00:04:59 (1475 turns).

Ellandar the Chopper (Minotaur Fighter)             Turns: 1475, Time: 00:04:59

Health: -1/45      AC: 11    Str: 25    XL:     5   Next: 41%
Magic:  4/4        EV:  4    Int:  6    God:
Gold:   140        SH:  9    Dex: 10    Spells: 0 memorised, 4 levels left

rFire  . . .     SeeInvis .     a - +0 war axe
rCold  . . .     Gourm    .     q - +0 plate armour
rNeg   . . .     Faith    .     c - +0 shield
rPois  .         Spirit   .     (helmet restricted)
rElec  .         Dismiss  .     (no cloak)
rCorr  .         Reflect  .     (no gloves)
SustAt .         Harm     .     (no boots)
MR     .....                    (no amulet)
Stlth  ..........               (no ring)
                                (no ring)

@: mighty, lethally poisoned (-1 -> -16), flying, not resistant to hostile
enchantments, extremely unstealthy
A: retaliatory headbutt, horns 2
a: no special abilities


You were on level 3 of the Dungeon.
You were not hungry.

You visited 1 branch of the dungeon, and saw 3 of its levels.

You collected 140 gold pieces.

Inventory:

Hand Weapons
 a - a +0 war axe (weapon)
Armour
 b - a +0 scale mail
 c - a +0 shield (worn)
 e - a +0 ring mail
 q - a +0 plate armour (worn)
Jewellery
 l - an uncursed ring of stealth {unknown}
Scrolls
 j - a scroll of enchant armour {unknown}
 k - a scroll of teleportation {unknown}
 n - a scroll of identify {unknown}
 o - a scroll of remove curse
 s - a scroll of fear {unknown}
 t - a scroll of recharging {unknown}
Potions
 d - a potion of might
 g - a potion of heal wounds {unknown}
 i - a potion of curing {unknown}
 r - 2 potions of mutation {unknown}
 v - a potion of flight
Books
 m - a book of Envenomations

   Spells                             Type                      Level
   a - Spider Form                    Transmutation/Poison         3
   b - Olgreb's Toxic Radiance        Poison                       4
   c - Alistair's Intoxication        Transmutation/Poison         5
   d - Poisonous Cloud                Conjuration/Poison/Air       6
Comestibles
 f - 2 bread rations
 h - a fruit
 p - a slice of pizza
 u - 3 chunks of flesh


   Skills:
 - Level 3.6 Fighting
 * Level 6.9 Axes
 - Level 3.6 Armour
 - Level 3.6 Shields


You had 4 spell levels left.
You didn't know any spells.

Dungeon Overview and Level Annotations

Branches:
Dungeon (3/15)

Altars:
Dithmenos
Kikubaaqudgha
Yredelemnul


Innate Abilities, Weirdness & Mutations

You reflexively headbutt those who attack you in melee.
You have a pair of horns on your head.


Message History

You block the gnoll's attack. The gnoll barely misses you.
The gnoll hits you with a spear.
* * * LOW HITPOINT WARNING * * *
You are too injured to fight recklessly!
You are too injured to fight recklessly!
* * * LOW HITPOINT WARNING * * *
You feel sick. You block the gnoll's attack. x2
* * * LOW HITPOINT WARNING * * *
You feel sick.
* * * LOW HITPOINT WARNING * * *
You feel sick.
* * * LOW HITPOINT WARNING * * *
You feel sick.
* * * LOW HITPOINT WARNING * * *
You feel sick.
Drink which item? (? for menu, Esc to quit)
It was a potion of flight.
You feel very buoyant.
You fly up into the air.
You die...

#.............#
#..<..........#
#.....).......#
#.....).......#
#.>...........#
#........g....#
#.........g...#
#...........g.# .#
#...........@.# ..+
#.............# ..#
#.............####...
##...>............#######
######.##....................
#............................
#............................
#...........#.......[).......
#...........#....(...)######


You could see 3 gnolls.

Vanquished Creatures
  A hound (D:3)
  An orc wizard (D:3)
  3 adders
  3 gnolls (D:3)
  An ooze (D:2)
  A worm (D:2)
  A dart slug (D:2)
  A giant gecko (D:2)
  7 orcs (D:3)
  A ball python (D:1)
  2 bats
  2 bat zombies (D:2)
  7 giant cockroaches
  8 hobgoblins
  A quokka (D:3)
  5 giant newts
  6 goblins
  3 kobolds
  6 rats
  2 rat zombies (D:2)
62 creatures vanquished.

Notes
Turn   | Place    | Note
--------------------------------------------------------------
     0 | D:1      | Ellandar the Minotaur Fighter began the quest for the Orb.
     0 | D:1      | Reached XP level 1. HP: 19/19 MP: 0/0
    56 | D:1      | Reached skill level 3 in Axes
   309 | D:1      | Reached XP level 2. HP: 26/26 MP: 1/1
   655 | D:2      | Reached skill level 4 in Axes
   657 | D:2      | Found an ancient bone altar of Kikubaaqudgha.
   806 | D:2      | Reached XP level 3. HP: 27/31 MP: 2/2
   862 | D:2      | Found a basalt altar of Yredelemnul.
   909 | D:2      | Found a shadowy altar of Dithmenos.
  1007 | D:2      | Reached skill level 5 in Axes
  1052 | D:2      | Reached XP level 4. HP: 39/39 MP: 3/3
  1354 | D:3      | Reached skill level 6 in Axes
  1354 | D:3      | Reached XP level 5. HP: 44/45 MP: 4/4
  1473 | D:3      | HP: 2/45 [poisoned by a gnoll]
  1475 | D:3      | Succumbed to a gnoll's poison

Skill      XL: |  1  2  3  4 |
---------------+-------------+-----
Axes           | 3 4 5 6 |  6.9
Fighting       | |  3.6
Armour         | |  3.6
Shields        | |  3.6

Action                   |  1- 3 |  4- 6 || total
-------------------------+-------+-------++-------
Melee: War axe           |    94 |    43 ||   137
       Headbutt          |    13 |     6 ||    19
  Use: Scroll            |     1 |       ||     1
       Potion            |       |     2 ||     2
  Eat: Chunk             |     1 |     1 ||     2
Armor: Scale mail        |     9 |       ||     9
       Ring mail         |    17 |       ||    17
       Plate armour      |    23 |    30 ||    53
Dodge: Dodged            |    25 |    12 ||    37
Block: Shield            |    38 |    20 ||    58
